 Dungeon Crawl Stone Soup version 0.31.0-12-g77e489cdc1 (webtiles) character file.

Game seed: 9632587377975838181

289 hawla the Covered (level 6, 0/51 HPs)
             Began as a Minotaur Fighter on Feb 18, 2024.
             Killed from afar by an orc wizard (9 damage)
             ... with a puff of flame
             ... on level 4 of the Dungeon.
             The game lasted 00:04:33 (2253 turns).

hawla the Covered (Minotaur Fighter)                Turns: 2253, Time: 00:04:34

Health: 0/51       AC:  7    Str: 17 (20) XL:     6   Next: 9%
Magic:  5/5        EV: 10    Int:  4 (5)  God:
Gold:   175        SH:  5    Dex: 10 (12) Spells: 5/5 levels left

rFire   . . .        a - +0 long sword
rCold   . . .        c - +0 buckler
rNeg    . . .        b - +0 scale mail
rPois   .            (helmet restricted)
rElec   .            (no cloak)
rCorr   .            (no gloves)
SInv    .            (no boots)
Will    .....        (no amulet) Stlth
                     f - +4 ring of slaying
HPRegen 0.28/turn    (no ring)
MPRegen 0.09/turn

%: no passive effects
@: about to teleport
A: horns 2, retaliatory headbutt
a: no special abilities


You were on level 4 of the Dungeon.
You visited 1 branch of the dungeon, and saw 4 of its levels.

You collected 175 gold pieces.

Inventory:

Hand Weapons
 a - a +0 long sword (weapon)
Missiles
 i - 7 poisoned darts (quivered)
Armour
 b - a +0 scale mail (worn)
 c - a +0 buckler (worn)
Jewellery
 f - a +4 ring of slaying (left hand)
 m - a ring of willpower
Scrolls
 e - a scroll of enchant weapon {unknown}
 g - 3 scrolls of poison
 p - a scroll of identify
Potions
 d - 3 potions of might


   Skills:
 - Level 3.6 Fighting
 + Level 3.0 Long Blades
 - Level 3.0 Throwing
 - Level 5.0 Armour
 - Level 3.0 Dodging
 - Level 5.0 Shields


You had 5 spell levels left.
You didn't know any spells.
Your spell library was empty.

Dungeon Overview and Level Annotations

Branches:
Dungeon (4/15)
 Temple: D:4-7

Altars:


Innate Abilities, Weirdness & Mutations

You have a pair of horns on your head.
You reflexively headbutt those who attack you in melee.


Message History

Something hits you but does no damage.
You closely miss the hobgoblin. Your headbutt misses the hobgoblin.
The giant cockroach barely misses you.
The hobgoblin hits you with a +0 long sword.
* * * LOW HITPOINT WARNING * * *
Something hits you but does no damage.
A dart slug comes into view.
The giant cockroach closely misses you.
It was a potion of degeneration.
There was something very wrong with that liquid.
You feel weakened.
You feel dopey.
You feel clumsy. The hobgoblin closely misses you. You furiously retaliate!
You headbutt the hobgoblin!
You kill the hobgoblin!
Something hits you but does no damage. You block the giant cockroach's attack.
As you read the scroll of fear, it crumbles to dust.
You assume a fearsome visage.
The giant cockroach looks frightened!
The orc looks frightened! x2; The dart slug looks frightened!
Things that are here:
a +0 dagger; a +0 robe
There is an open door here.
You close the door.
Something unseen breaks down the door.
A magic dart appears from out of thin air!
The magic dart hits you.
* * * LOW HITPOINT WARNING * * *
There is an open door here.
As you close the door, it creaks loudly!
As you read the scroll labelled KUXKOCOSOJ, it crumbles to dust.
You feel aware of your surroundings.
You sensed 1 altar.
It was a scroll of revelation.
As you read the scroll labelled MALOOK LU NEC, it crumbles to dust.
It is a scroll of amnesia.
You feel forgetful for a moment.
As you read the scroll labelled CAFUSE VAOLOAH, it crumbles to dust.
You feel strangely unstable.
It was a scroll of teleportation.
An orc wizard opens the door.
The orc wizard gestures at you while chanting.
The puff of flame hits you!
You die...

##########..####'###.##.,***,,,,,
....*,,,#...............<,,*,,,,,
....+,,,#...............,,,*,,,,,
....#,,,+...............,,,*,,,,,
...#*,,,##....##........,,,*,,,,,
...#*,..##....##........,,,*,,,,,
...+,,........##.....##.,,,',,,,,
...#,,........#########'****,,,,,
...#,,.........)@....#.......w,,,
...#**#+##...........'..).....,,,
...#*,,,*#...........#...B.o..,,,
......,,#.....##.....#........,,,
......,,#.....##o#####........,,,
......,,#..........o.#......#****
......,,#............#).....#,,,,
......,,#............#).....#,,,,
......,,#...[........#......#,,,,


You could see an orc wizard.

Vanquished Creatures
  A bombardier beetle (D:3)
  An orc priest (D:3)
  An orc wizard (D:4)
  An iguana (D:4)
  11 adders
  2 ribbon worms
  3 orcs
  9 ball pythons
  6 endoplasms
  5 giant cockroaches
  5 goblins (D:1)
  8 hobgoblins
  6 jackals (D:1)
  A quokka (D:2)
  4 bats
  3 frilled lizards
  10 kobolds
  6 rats
83 creatures vanquished.

Notes
Turn   | Place    | Note
-------+----------+-------------------------------------------
     0 | D:1      | hawla the Minotaur Fighter began the quest for the Orb.
     0 | D:1      | Reached XP level 1. HP: 19/19 MP: 0/0
    21 | D:1      | Reached skill level 1 in Dodging
   101 | D:1      | Reached XP level 2. HP: 26/26 MP: 1/1
   205 | D:1      | Found a faded altar of an unknown god.
   259 | D:1      | Reached XP level 3. HP: 31/31 MP: 2/2
   502 | D:2      | Reached XP level 4. HP: 33/39 MP: 3/3
  1182 | D:3      | Reached XP level 5. HP: 42/45 MP: 4/4
  1184 | D:3      | Reached skill level 5 in Armour
  1218 | D:3      | Reached skill level 5 in Shields
  1294 | D:3      | Reached skill level 1 in Throwing
  2219 | D:4      | Reached XP level 6. HP: 17/51 MP: 5/5
  2253 | D:4      | Killed from afar by an orc wizard

Illustrated notes

Levels and vault maps discovered:
D:1:      tarquinn_simple_flora_water_e, layout_rooms, basic_ecumenical_altar
D:2:      layout_loops_ring, moated_statue
D:3:      layout_loops_ring, serial_bayou, serial_bayou_crossing,
          serial_bayou_pond_c, serial_bayou_shore_a, serial_bayou_pond_d,
          serial_bayou_pond_e, serial_bayou_pond_a, kennysheep_generic_room_8
D:4:      layout_gridville, lemuel_tele_altar, uniq_eustachio

Skill      XL: |  1  2  3  4  5  6 |
---------------+-------------------+-----
Dodging        | 1 3 |  3.0
Armour         | 4 5 |  5.0
Shields        | 4 5 |  5.0
Throwing       | 3 |  3.0
Long Blades    | 3 |  3.0
Fighting       | |  3.6

Action                     |  1- 3 |  4- 6 || total
---------------------------+-------+-------++-------
  Melee: Long sword        |    76 |    79 ||   155
         Headbutt          |     5 |    13 ||    18
    Use: Scroll            |     1 |     6 ||     7
         Potion            |       |     2 ||     2
 Armour: Scale mail        |    44 |    76 ||   120
  Dodge: Dodged            |    37 |    39 ||    76
  Block: Buckler           |    16 |    21 ||    37
